St.Louis Blues vs Vegas Golden Knights
(R1)
Created - Monday, April 10, 2023 at 07:34
Goals
|
| St.Louis Blues |
1 |
0 |
1 |
0 |
0 |
2 |
| Vegas Golden Knights |
2 |
0 |
0 |
0 |
1 |
3 |
|
Shots
|
| St.Louis Blues |
14 |
16 |
12 |
2 |
3 |
44 |
| Vegas Golden Knights |
10 |
7 |
10 |
0 |
2 |
27 |
|
1st period
1. Vegas Golden Knights , Vladislav Namestnikov 1 (Marc-Edouard Vlasic 2, Zach Parise 8) at 2:22
2. St.Louis Blues , Robert Thomas 5 (Alex DeBrincat 11, Colton Parayko 6) at 5:21
3. Vegas Golden Knights , Tom Wilson 8 (Andrew Peeke 4, Jordan Staal 8) at 13:03
Penalties :
Jordan Staal (VGK) for Interference (Minor) at 9:21, Alex Pietrangelo (STL) for Cross-checking (Minor) at 13:14
2nd period
No Goal
Penalties :
Anthony Cirelli (VGK) for High sticking (Double Minor) at 0:44, Danny DeKeyser (STL) for Charging (Minor) at 17:02
3rd period
4. St.Louis Blues , Elias Pettersson 11 (Ondrej Kase 4) at 13:24
Penalties :
John Marino (VGK) for Slashing (Minor) at 8:38, Tom Wilson (VGK) for Diving (Minor) at 15:11, Niko Mikkola (STL) for Tripping (Minor) at 17:32
Overtime #1
No Goal
Penalties :
No Penalty
Shootout
St.Louis Blues, Alex DeBrincat - Shot Misses the Net
Vegas Golden Knights, Artemi Panarin - Goal!
St.Louis Blues, Joe Pavelski - Stopped by Philipp Grubauer
Vegas Golden Knights, Rickard Rakell - Stopped by Scott Wedgewood
St.Louis Blues, Alex Tuch - Stopped by Philipp Grubauer
Penalties :
No Penalty
Goalie Stats
Scott Wedgewood (STL), 25 saves from 27 shots - (0.926), OTL, 2-2-2, 65:00 minutes
Philipp Grubauer (VGK), 42 saves from 44 shots - (0.955), W, 2-7-0, 65:00 minutes
Players Stats for St.Louis Blues
Player Name G A P +/- PIM S H SB GA TA FO MP PP MP PK MP
------------------------------------------------------------------------------------
Alex DeBrincat 0 1 1 1 0 3 1 0 1 0 0/0 16:32 5:08 0:00
Alex Pietrangelo 0 0 0 -1 2 2 2 2 0 0 0/0 25:45 3:12 2:03
Alex Tuch 0 0 0 0 0 7 1 1 0 0 2/3 22:36 4:30 1:20
Colton Parayko 0 1 1 -1 0 1 1 4 0 3 0/0 24:21 0:00 3:48
Danny DeKeyser 0 0 0 0 2 1 1 2 0 0 0/0 14:28 0:00 2:02
Elias Pettersson 1 0 1 0 0 5 1 0 1 0 6/20 21:48 4:30 0:39
Evander Kane 0 0 0 0 0 1 1 0 0 0 0/0 15:56 5:08 0:00
Frederick Gaudreau 0 0 0 -1 0 1 1 0 0 0 5/7 12:17 0:17 3:29
Jack Eichel 0 0 0 0 0 3 1 0 1 0 1/3 10:42 0:18 0:00
Jake Guentzel 0 0 0 0 0 4 1 0 1 0 0/2 21:53 6:45 0:00
Jimmy Vesey 0 0 0 -1 0 0 1 0 0 0 1/3 12:10 0:18 3:36
Joe Pavelski 0 0 0 0 0 3 1 0 1 1 4/8 14:37 4:30 0:00
Jonas Brodin 0 0 0 1 0 0 2 1 0 1 0/0 18:58 0:00 2:31
Morgan Rielly 0 0 0 1 0 0 1 1 1 0 0/0 23:12 6:44 0:00
Niko Mikkola 0 0 0 0 2 0 3 1 0 1 0/0 12:50 0:00 1:30
Ondrej Kase 0 1 1 -1 0 1 0 0 1 0 0/0 8:49 0:00 1:25
Robert Thomas 1 0 1 1 0 5 0 0 0 0 7/10 19:12 5:08 1:25
Tage Thompson 0 0 0 1 0 7 2 0 0 0 0/0 17:54 3:12 0:00
Players Stats for Vegas Golden Knights
Player Name G A P +/- PIM S H SB GA TA FO MP PP MP PK MP
------------------------------------------------------------------------------------
Andreas Johnsson 0 0 0 0 0 1 0 0 0 0 1/1 10:02 2:29 0:00
Andrew Peeke 0 1 1 1 0 1 0 1 0 1 0/0 21:12 0:00 6:29
Anthony Cirelli 0 0 0 -1 4 2 2 0 0 1 3/8 15:31 0:00 1:29
Artemi Panarin 0 0 0 1 0 2 0 0 2 0 1/2 20:01 3:28 0:43
Brian Dumoulin 0 0 0 0 0 0 0 0 0 0 0/0 24:36 0:00 3:27
Colin White 0 0 0 0 0 3 1 1 0 0 4/10 12:51 3:28 0:54
Jaden Schwartz 0 0 0 -1 0 1 1 0 2 0 1/1 21:06 3:48 2:05
John Marino 0 0 0 0 2 1 1 0 0 2 0/0 23:31 2:09 0:00
Jonathan Drouin 0 0 0 0 0 1 0 0 0 0 0/0 9:36 0:00 0:00
Jordan Staal 0 1 1 1 2 0 1 0 0 0 15/22 19:36 0:00 3:48
Marc Staal 0 0 0 1 0 1 1 0 0 1 0/0 21:12 0:00 6:29
Marc-Edouard Vlasic 0 1 1 -1 0 2 0 0 1 0 0/0 15:54 0:00 3:27
P.K. Subban 0 0 0 -1 0 1 2 1 0 0 0/0 16:30 3:48 0:00
Rickard Rakell 0 0 0 -1 0 1 2 0 1 0 3/3 17:02 2:29 0:19
Tom Wilson 1 0 1 1 2 5 1 1 0 1 0/1 22:19 3:28 4:33
Victor Olofsson 0 0 0 0 0 2 2 0 0 1 0/0 11:09 2:09 0:00
Vladislav Namestnikov 1 0 1 0 0 2 2 0 0 0 2/8 16:18 2:29 4:09
Zach Parise 0 1 1 0 0 1 0 0 0 0 0/0 11:34 0:00 1:52
3 Stars
1 - Philipp Grubauer (VGK)
2 - Vladislav Namestnikov (VGK)
3 - Robert Thomas (STL)
Power Play
St.Louis Blues - 0 on 5 Attempt(s) - 0.00%
Vegas Golden Knights - 0 on 3 Attempt(s) - 0.00%
Penalty Kill
St.Louis Blues - 3 on 3 Attempt(s) - 100.00%
- Score 0 goal in Penalty Kill
Vegas Golden Knights - 5 on 5 Attempt(s) - 100.00%
- Score 0 goal in Penalty Kill
Team Stat
St.Louis Blues - Hits : 21 - Faceoff Wins : 26 - Blocked Shots : 12 - Penalty Minutes : 6
Vegas Golden Knights - Hits : 16 - Faceoff Wins : 30 - Blocked Shots : 4 - Penalty Minutes : 10
Official
Referees : Kendrick Nicholson and Kelly Sutherland
Linesman : David Brisebois and Trent Knorr
Game Notes
1:00 of 2nd period - St.Louis Blues goal is going for a video replay. After video review, No Goal. The net was displaced accidentally.
Finance
Level 1 -- Attendance: 6000 (100.00%) -- Ticket Income $570,000
Level 2 -- Attendance: 4741 (94.82%) -- Ticket Income $260,755
Level 3 -- Attendance: 3000 (100.00%) -- Ticket Income $90,000
Level 4 -- Attendance: 5000 (100.00%) -- Ticket Income $100,000
Luxury Box -- Attendance: 966 (96.60%) -- Ticket Income $183,540
Game was played at the T-Mobile Arena.
Total Attendance: 19707 (98.54%)
Total Ticket Income: $1,204,295
Other Income: $421,503
Total Income: $1,625,798
St.Louis Blues
5 vs 5 Forward
Center Left Wing Right Wing Time % Phy DF OF
1 Elias Pettersson Jake Guentzel Alex Tuch 40 0 2 3
2 Robert Thomas Alex DeBrincat Tage Thompson 30 1 2 2
3 Jack Eichel Evander Kane Joe Pavelski 20 0 2 3
4 Frederick Gaudreau Jimmy Vesey Ondrej Kase 10 1 3 1
5 vs 5 Defense
Defense Defense Time % Phy DF OF
1 Alex Pietrangelo Colton Parayko 40 1 2 2
2 Morgan Rielly Jonas Brodin 30 1 2 2
3 Danny DeKeyser Niko Mikkola 20 1 2 2
4 Alex Pietrangelo Colton Parayko 10 1 2 2
PowerPlay Forward
Center Left Wing Right Wing Time % Phy DF OF
1 Joe Pavelski Alex Tuch Elias Pettersson 60 1 0 4
2 Robert Thomas Alex DeBrincat Evander Kane 40 1 0 4
PowerPlay Defense
Defense Defense Time % Phy DF OF
1 Morgan Rielly Jake Guentzel 60 0 1 4
2 Tage Thompson Alex Pietrangelo 40 0 1 4
Penalty Kill 4 Players Forward
Center Wing Time % Phy DF OF
1 Frederick Gaudreau Jimmy Vesey 60 1 4 0
2 Robert Thomas Ondrej Kase 40 1 4 0
Penalty Kill 4 Players Defense
Defense Defense Time % Phy DF OF
1 Colton Parayko Danny DeKeyser 60 2 3 0
2 Jonas Brodin Niko Mikkola 40 2 3 0
Penalty Kill - 3 Players Forward
Forward Time % Phy DF OF
1 Frederick Gaudreau 60 0 5 0
2 Robert Thomas 40 0 5 0
Penalty Kill - 3 Players Defense
Defense Defense Time % Phy DF OF
1 Colton Parayko Danny DeKeyser 60 1 4 0
2 Jonas Brodin Niko Mikkola 40 1 4 0
4 vs 4 Forward
Center Wing Time % Phy DF OF
1 Elias Pettersson Alex Tuch 60 0 2 3
2 Robert Thomas Jake Guentzel 40 0 2 3
4 vs 4 Defense
Defense Defense Time % Phy DF OF
1 Alex Pietrangelo Colton Parayko 60 0 3 2
2 Morgan Rielly Jonas Brodin 40 0 3 2
Last Minutes Offensive
Center Left Wing Right Wing Defense Defense
Robert Thomas Elias Pettersson Jake Guentzel Alex Tuch Morgan Rielly
Last Minutes Defensive
Center Left Wing Right Wing Defense Defense
Frederick Gaudreau Jimmy Vesey Ondrej Kase Colton Parayko Alex Pietrangelo
Goaltenders
Starting : Scott Wedgewood
Backup : Frederik Andersen
Extra Forwards
Normal : Tage Thompson, Evander Kane, Frederick Gaudreau - PP : Alex DeBrincat, Jack Eichel - PK : Alex Tuch
Extra Defensemen
Normal : Morgan Rielly, Colton Parayko, Niko Mikkola - PP : Jonas Brodin - PK : Colton Parayko, Alex Pietrangelo
Penalty Shots
Alex DeBrincat, Joe Pavelski, Alex Tuch, Elias Pettersson, Robert Thomas
Vegas Golden Knights
5 vs 5 Forward
Center Left Wing Right Wing Time % Phy DF OF
1 Jordan Staal Artemi Panarin Tom Wilson 40 1 2 2
2 Anthony Cirelli Jaden Schwartz Rickard Rakell 30 1 2 2
3 Vladislav Namestnikov Zach Parise Jonathan Drouin 20 1 2 2
4 Colin White Andreas Johnsson Victor Olofsson 10 1 2 2
5 vs 5 Defense
Defense Defense Time % Phy DF OF
1 Brian Dumoulin John Marino 40 1 2 2
2 Marc Staal Andrew Peeke 30 1 2 2
3 Marc-Edouard Vlasic P.K. Subban 20 1 2 2
4 Brian Dumoulin John Marino 10 1 2 2
PowerPlay Forward
Center Left Wing Right Wing Time % Phy DF OF
1 Colin White Artemi Panarin Tom Wilson 60 1 2 2
2 Vladislav Namestnikov Andreas Johnsson Rickard Rakell 40 1 2 2
PowerPlay Defense
Defense Defense Time % Phy DF OF
1 Jaden Schwartz P.K. Subban 60 1 2 2
2 Victor Olofsson John Marino 40 1 2 2
Penalty Kill 4 Players Forward
Center Wing Time % Phy DF OF
1 Jordan Staal Tom Wilson 60 1 2 2
2 Anthony Cirelli Zach Parise 40 1 2 2
Penalty Kill 4 Players Defense
Defense Defense Time % Phy DF OF
1 Marc Staal Andrew Peeke 60 1 2 2
2 Marc-Edouard Vlasic Brian Dumoulin 40 1 2 2
Penalty Kill - 3 Players Forward
Forward Time % Phy DF OF
1 Anthony Cirelli 60 1 2 2
2 Zach Parise 40 1 2 2
Penalty Kill - 3 Players Defense
Defense Defense Time % Phy DF OF
1 Marc Staal Andrew Peeke 60 1 2 2
2 Marc-Edouard Vlasic Brian Dumoulin 40 1 2 2
4 vs 4 Forward
Center Wing Time % Phy DF OF
1 Jordan Staal Artemi Panarin 60 1 2 2
2 Anthony Cirelli Tom Wilson 40 1 2 2
4 vs 4 Defense
Defense Defense Time % Phy DF OF
1 Marc Staal Andrew Peeke 60 1 2 2
2 Brian Dumoulin John Marino 40 1 2 2
Last Minutes Offensive
Center Left Wing Right Wing Defense Defense
Jordan Staal Artemi Panarin Tom Wilson Brian Dumoulin John Marino
Last Minutes Defensive
Center Left Wing Right Wing Defense Defense
Jordan Staal Zach Parise Tom Wilson Brian Dumoulin Andrew Peeke
Goaltenders
Starting : Philipp Grubauer
Backup : Casey DeSmith
Extra Forwards
Normal : Rickard Rakell, Artemi Panarin, Jordan Staal - PP : Anthony Cirelli, Zach Parise - PK : Vladislav Namestnikov
Extra Defensemen
Normal : Marc Staal, John Marino, Brian Dumoulin - PP : Marc Staal - PK : John Marino, P.K. Subban
Penalty Shots
Artemi Panarin, Rickard Rakell, Andreas Johnsson, Anthony Cirelli, Victor Olofsson
% Time on Ice - St.Louis Blues
Lines # - Real PCT - Wanted PCT - Time Play
Normal Forward
1 - 35% - 40% - 15:17
2 - 26% - 30% - 11:24
3 - 23% - 20% - 10:02
4 - 17% - 10% - 7:24
Normal Defense
1 - 39% - 40% - 17:16
2 - 34% - 30% - 14:58
3 - 24% - 20% - 10:32
4 - 3% - 10% - 1:21
PP Forward
1 - 48% - 60% - 4:48
2 - 52% - 40% - 5:08
PP Defense
1 - 68% - 60% - 6:44
2 - 32% - 40% - 3:12
PK Forward
1 - 76% - 60% - 4:32
2 - 24% - 40% - 1:25
PK Defense
1 - 58% - 60% - 3:26
2 - 42% - 40% - 2:31
PK3 Forward
1 - 0% - 60%
2 - 0% - 40%
PK3 Defense
1 - 0% - 60%
2 - 0% - 40%
44 Forward
1 - 75% - 60% - 3:45
2 - 25% - 40% - 1:15
44 Defense
1 - 53% - 60% - 2:40
2 - 47% - 40% - 2:20
Last Minute Offensive - 0:00
Last Minute Defensive - 0:00
Total
Forward - 65:00
Defense - 65:00
|
% Time on Ice - Vegas Golden Knights
Lines # - Real PCT - Wanted PCT - Time Play
Normal Forward
1 - 32% - 40% - 14:17
2 - 29% - 30% - 12:47
3 - 22% - 20% - 9:36
4 - 17% - 10% - 7:27
Normal Defense
1 - 41% - 40% - 18:05
2 - 30% - 30% - 13:15
3 - 26% - 20% - 11:27
4 - 3% - 10% - 1:20
PP Forward
1 - 58% - 60% - 3:28
2 - 42% - 40% - 2:29
PP Defense
1 - 64% - 60% - 3:48
2 - 36% - 40% - 2:09
PK Forward
1 - 77% - 60% - 7:37
2 - 23% - 40% - 2:19
PK Defense
1 - 65% - 60% - 6:29
2 - 35% - 40% - 3:27
PK3 Forward
1 - 0% - 60%
2 - 0% - 40%
PK3 Defense
1 - 0% - 60%
2 - 0% - 40%
44 Forward
1 - 93% - 60% - 4:38
2 - 7% - 40% - 0:22
44 Defense
1 - 47% - 60% - 2:20
2 - 53% - 40% - 2:40
Last Minute Offensive - 0:00
Last Minute Defensive - 0:00
Total
Forward - 65:00
Defense - 65:00
|
Play-by-Play
1st period
0:01 of 1st period - Jordan Staal wins face-off versus Elias Pettersson in neutral zone.
1:17 of 1st period - Slapshot by Zach Parise.
1:17 of 1st period - Stopped by Scott Wedgewood with a rebound.
1:19 of 1st period - Wrist shot by Jonathan Drouin.
1:19 of 1st period - Shot Misses the Net.
1:21 of 1st period - Slapshot by Andrew Peeke.
1:21 of 1st period - Stopped by Scott Wedgewood without a rebound.
1:22 of 1st period - Jordan Staal wins face-off versus Elias Pettersson in St.Louis Blues zone.
2:18 of 1st period - Snap shot by Zach Parise.
2:18 of 1st period - Shot Blocked by Colton Parayko.
2:20 of 1st period - Slapshot by Marc-Edouard Vlasic.
2:20 of 1st period - Stopped by Scott Wedgewood with a rebound.
2:22 of 1st period - Snap shot by Vladislav Namestnikov.
2:22 of 1st period - Goal by Vladislav Namestnikov - St.Louis Blues : 0 - Vegas Golden Knights : 1.
2:23 of 1st period - Artemi Panarin wins face-off versus Elias Pettersson in neutral zone.
2:34 of 1st period - Snap shot by Artemi Panarin.
2:34 of 1st period - Shot Misses the Net.
2:36 of 1st period - Slapshot by John Marino.
2:36 of 1st period - Shot Blocked by Colton Parayko.
3:42 of 1st period - Snap shot by Jack Eichel.
3:42 of 1st period - Stopped by Philipp Grubauer without a rebound.
3:43 of 1st period - Jordan Staal wins face-off versus Elias Pettersson in Vegas Golden Knights zone.
4:19 of 1st period - Slapshot by Tage Thompson.
4:19 of 1st period - Stopped by Philipp Grubauer without a rebound.
4:20 of 1st period - Anthony Cirelli wins face-off versus Jake Guentzel in Vegas Golden Knights zone.
4:22 of 1st period - Icing by Rickard Rakell.
4:23 of 1st period - Jaden Schwartz wins face-off versus Jake Guentzel in Vegas Golden Knights zone.
5:21 of 1st period - Snap shot by Robert Thomas.
5:21 of 1st period - Goal by Robert Thomas - St.Louis Blues : 1 - Vegas Golden Knights : 1.
5:22 of 1st period - Jordan Staal wins face-off versus Elias Pettersson in neutral zone.
5:39 of 1st period - Snap shot by Jake Guentzel.
5:39 of 1st period - Stopped by Philipp Grubauer with a rebound.
5:49 of 1st period - Anthony Cirelli is hit by Jack Eichel.
6:19 of 1st period - Slapshot by Jonathan Drouin.
6:19 of 1st period - Shot Misses the Net.
6:39 of 1st period - Alex Tuch is hit by P.K. Subban and loses puck.
6:54 of 1st period - Snap shot by Tom Wilson.
6:54 of 1st period - Stopped by Scott Wedgewood with a rebound.
6:56 of 1st period - Slapshot by Brian Dumoulin.
6:56 of 1st period - Shot Misses the Net.
6:58 of 1st period - Slapshot by Tom Wilson.
6:58 of 1st period - Shot Misses the Net.
7:00 of 1st period - Wrist shot by Jordan Staal.
7:00 of 1st period - Shot Blocked by Colton Parayko.
7:17 of 1st period - Snap shot by Rickard Rakell.
7:17 of 1st period - Stopped by Scott Wedgewood with a rebound.
8:06 of 1st period - Danny DeKeyser is hit by Tom Wilson and loses puck.
8:27 of 1st period - Andrew Peeke is hit by Jonas Brodin and loses puck.
8:48 of 1st period - Wrist shot by Anthony Cirelli.
8:48 of 1st period - Shot Blocked by Morgan Rielly.
8:50 of 1st period - Wrist shot by Anthony Cirelli.
8:50 of 1st period - Stopped by Scott Wedgewood with a rebound.
9:08 of 1st period - Wrist shot by Jonathan Drouin.
9:08 of 1st period - Deflect By Vladislav Namestnikov.
9:08 of 1st period - Shot Misses the Net.
9:08 of 1st period - Puck is out of play.
9:09 of 1st period - Robert Thomas wins face-off versus Jordan Staal in St.Louis Blues zone.
9:09 of 1st period - Robert Thomas is hit by Jordan Staal.
9:19 of 1st period - Wrist shot by Tage Thompson.
9:19 of 1st period - Shot Misses the Net.
9:21 of 1st period - Minor Penalty to Jordan Staal for Interference.
9:22 of 1st period - Robert Thomas wins face-off versus Vladislav Namestnikov in Vegas Golden Knights zone.
9:36 of 1st period - Icing by Robert Thomas.
9:37 of 1st period - Robert Thomas wins face-off versus Vladislav Namestnikov in St.Louis Blues zone.
9:42 of 1st period - Tom Wilson is hit by Alex Pietrangelo.
9:54 of 1st period - Backhand shot by Tage Thompson.
9:54 of 1st period - Stopped by Philipp Grubauer without a rebound.
9:55 of 1st period - Joe Pavelski wins face-off versus Vladislav Namestnikov in Vegas Golden Knights zone.
10:04 of 1st period - Snap shot by Alex Tuch.
10:04 of 1st period - Stopped by Philipp Grubauer without a rebound.
10:05 of 1st period - Joe Pavelski wins face-off versus Vladislav Namestnikov in Vegas Golden Knights zone.
10:08 of 1st period - Snap shot by Elias Pettersson.
10:08 of 1st period - Stopped by Philipp Grubauer with a rebound.
10:10 of 1st period - Slapshot by Joe Pavelski.
10:10 of 1st period - Stopped by Philipp Grubauer with a rebound.
10:20 of 1st period - Wrist shot by Elias Pettersson.
10:20 of 1st period - Stopped by Philipp Grubauer without a rebound.
10:21 of 1st period - Vladislav Namestnikov wins face-off versus Joe Pavelski in Vegas Golden Knights zone.
11:21 of 1st period - Penalty to Jordan Staal is over, Jordan Staal is back on ice.
11:39 of 1st period - Wrist shot by Jaden Schwartz.
11:39 of 1st period - Deflect By Jordan Staal.
11:39 of 1st period - Shot Misses the Net.
11:39 of 1st period - Puck is out of play.
11:40 of 1st period - Robert Thomas wins face-off versus Colin White in St.Louis Blues zone.
11:53 of 1st period - Wrist shot by Alex DeBrincat.
11:53 of 1st period - Shot Misses the Net.
11:55 of 1st period - Slapshot by Robert Thomas.
11:55 of 1st period - Stopped by Philipp Grubauer with a rebound.
12:02 of 1st period - Icing by Andrew Peeke.
12:03 of 1st period - Andreas Johnsson wins face-off versus Jack Eichel in Vegas Golden Knights zone.
12:09 of 1st period - Off-side.
12:10 of 1st period - Jordan Staal wins face-off versus Elias Pettersson in neutral zone.
12:19 of 1st period - Artemi Panarin is hit by Niko Mikkola and loses puck.
12:26 of 1st period - Snap shot by Jake Guentzel.
12:26 of 1st period - Stopped by Philipp Grubauer with a rebound.
12:36 of 1st period - Wrist shot by Robert Thomas.
12:36 of 1st period - Stopped by Philipp Grubauer with a rebound.
12:38 of 1st period - Snap shot by Robert Thomas.
12:38 of 1st period - Deflect By Alex DeBrincat.
12:38 of 1st period - Shot Misses the Net.
12:38 of 1st period - Puck is out of play.
12:39 of 1st period - Robert Thomas wins face-off versus Anthony Cirelli in Vegas Golden Knights zone.
12:45 of 1st period - Off-side.
12:46 of 1st period - Elias Pettersson wins face-off versus Tom Wilson in neutral zone.
12:57 of 1st period - Snap shot by Tom Wilson.
12:57 of 1st period - Shot Blocked by Alex Tuch.
12:59 of 1st period - Snap shot by Jordan Staal.
12:59 of 1st period - Shot Misses the Net.
13:01 of 1st period - Snap shot by Tom Wilson.
13:01 of 1st period - Stopped by Scott Wedgewood with a rebound.
13:03 of 1st period - Slapshot by Andrew Peeke.
13:03 of 1st period - Deflect By Tom Wilson.
13:03 of 1st period - Goal by Tom Wilson - St.Louis Blues : 1 - Vegas Golden Knights : 2.
13:04 of 1st period - Anthony Cirelli wins face-off versus Elias Pettersson in neutral zone.
13:09 of 1st period - Snap shot by Anthony Cirelli.
13:09 of 1st period - Shot Misses the Net.
13:11 of 1st period - Slapshot by John Marino.
13:11 of 1st period - Stopped by Scott Wedgewood without a rebound.
13:12 of 1st period - Elias Pettersson wins face-off versus Anthony Cirelli in St.Louis Blues zone.
13:14 of 1st period - Minor Penalty to Alex Pietrangelo for Cross-checking.
13:15 of 1st period - Frederick Gaudreau wins face-off versus Colin White in St.Louis Blues zone.
13:31 of 1st period - Snap shot by Frederick Gaudreau.
13:31 of 1st period - Deflect By Jimmy Vesey.
13:31 of 1st period - Shot Misses the Net.
13:31 of 1st period - Puck is out of play.
13:32 of 1st period - Colin White wins face-off versus Jimmy Vesey in Vegas Golden Knights zone.
13:32 of 1st period - Colin White is hit by Jimmy Vesey.
13:42 of 1st period - Snap shot by Artemi Panarin.
13:42 of 1st period - Shot Misses the Net.
13:44 of 1st period - Slapshot by P.K. Subban.
13:44 of 1st period - Shot Misses the Net.
15:12 of 1st period - Snap shot by Alex Tuch.
15:12 of 1st period - Stopped by Philipp Grubauer without a rebound.
15:13 of 1st period - Alex Tuch wins face-off versus Colin White in Vegas Golden Knights zone.
15:14 of 1st period - Penalty to Alex Pietrangelo is over, Alex Pietrangelo is back on ice.
16:06 of 1st period - Snap shot by Frederick Gaudreau.
16:06 of 1st period - Stopped by Philipp Grubauer without a rebound.
16:07 of 1st period - Frederick Gaudreau wins face-off versus Anthony Cirelli in Vegas Golden Knights zone.
16:14 of 1st period - Rickard Rakell is hit by Jonas Brodin and loses puck.
17:41 of 1st period - Rickard Rakell is hit by Alex Pietrangelo.
18:16 of 1st period - Snap shot by Alex DeBrincat.
18:16 of 1st period - Shot Blocked by Colin White.
Goals for this period are 1 for St.Louis Blues vs 2 for Vegas Golden Knights.
Shots for this period are 14 for St.Louis Blues vs 10 for Vegas Golden Knights.
2nd period
0:01 of 2nd period - Jordan Staal wins face-off versus Elias Pettersson in neutral zone.
0:27 of 2nd period - John Marino is hit by Alex DeBrincat and loses puck.
0:44 of 2nd period - Double Minor Penalty to Anthony Cirelli for High sticking.
0:45 of 2nd period - Joe Pavelski wins face-off versus Jordan Staal in Vegas Golden Knights zone.
0:56 of 2nd period - Snap shot by Elias Pettersson.
0:56 of 2nd period - Shot Blocked by Tom Wilson.
0:58 of 2nd period - Slapshot by Elias Pettersson.
0:58 of 2nd period - Shot Misses the Net.
1:00 of 2nd period - Snap shot by Joe Pavelski.
1:00 of 2nd period - St.Louis Blues goal is going for a video replay.
1:00 of 2nd period - The goal is refused. The net was displaced accidentally..
1:01 of 2nd period - Joe Pavelski wins face-off versus Jordan Staal in Vegas Golden Knights zone.
1:12 of 2nd period - Slapshot by Alex Tuch.
1:12 of 2nd period - Deflect By Tom Wilson.
1:12 of 2nd period - Shot Misses the Net.
1:12 of 2nd period - Puck is out of play.
1:13 of 2nd period - Jordan Staal wins face-off versus Joe Pavelski in Vegas Golden Knights zone.
2:08 of 2nd period - Brian Dumoulin is hit by Evander Kane and loses puck.
2:13 of 2nd period - Wrist shot by Robert Thomas.
2:13 of 2nd period - Stopped by Philipp Grubauer with a rebound.
2:15 of 2nd period - Slapshot by Jake Guentzel.
2:15 of 2nd period - Deflect By Alex DeBrincat.
2:15 of 2nd period - Stopped by Philipp Grubauer with a rebound.
2:17 of 2nd period - Wrist shot by Evander Kane.
2:17 of 2nd period - Stopped by Philipp Grubauer with a rebound.
2:47 of 2nd period - Snap shot by Alex DeBrincat.
2:47 of 2nd period - Stopped by Philipp Grubauer with a rebound.
4:44 of 2nd period - Penalty to Anthony Cirelli is over, Anthony Cirelli is back on ice.
4:53 of 2nd period - Wrist shot by Alex Pietrangelo.
4:53 of 2nd period - Stopped by Philipp Grubauer without a rebound.
4:54 of 2nd period - Frederick Gaudreau wins face-off versus Colin White in Vegas Golden Knights zone.
5:46 of 2nd period - Wrist shot by Tage Thompson.
5:46 of 2nd period - Shot Misses the Net.
5:48 of 2nd period - Wrist shot by Jack Eichel.
5:48 of 2nd period - Stopped by Philipp Grubauer with a rebound.
5:58 of 2nd period - Snap shot by Elias Pettersson.
5:58 of 2nd period - Stopped by Philipp Grubauer without a rebound.
5:59 of 2nd period - Rickard Rakell wins face-off versus Elias Pettersson in Vegas Golden Knights zone.
7:02 of 2nd period - Slapshot by Colin White.
7:02 of 2nd period - Shot Misses the Net.
7:04 of 2nd period - Slapshot by Marc Staal.
7:04 of 2nd period - Shot Blocked by Danny DeKeyser.
7:06 of 2nd period - Snap shot by Andreas Johnsson.
7:06 of 2nd period - Shot Blocked by Niko Mikkola.
7:08 of 2nd period - Snap shot by Victor Olofsson.
7:08 of 2nd period - Stopped by Scott Wedgewood with a rebound.
7:43 of 2nd period - John Marino is hit by Joe Pavelski and loses puck.
8:07 of 2nd period - Brian Dumoulin is hit by Morgan Rielly and loses puck.
8:37 of 2nd period - Slapshot by Vladislav Namestnikov.
8:37 of 2nd period - Stopped by Scott Wedgewood without a rebound.
8:38 of 2nd period - Elias Pettersson wins face-off versus Jordan Staal in St.Louis Blues zone.
8:59 of 2nd period - Backhand shot by Jaden Schwartz.
8:59 of 2nd period - Shot Misses the Net.
9:55 of 2nd period - Wrist shot by Ondrej Kase.
9:55 of 2nd period - Stopped by Philipp Grubauer with a rebound.
9:57 of 2nd period - Slapshot by Danny DeKeyser.
9:57 of 2nd period - Stopped by Philipp Grubauer with a rebound.
10:12 of 2nd period - Snap shot by Alex DeBrincat.
10:12 of 2nd period - Shot Misses the Net.
10:14 of 2nd period - Snap shot by Tage Thompson.
10:14 of 2nd period - Stopped by Philipp Grubauer with a rebound.
10:16 of 2nd period - Slapshot by Tage Thompson.
10:16 of 2nd period - Stopped by Philipp Grubauer with a rebound.
10:18 of 2nd period - Wrist shot by Alex DeBrincat.
10:18 of 2nd period - Deflect By Tage Thompson.
10:18 of 2nd period - Stopped by Philipp Grubauer with a rebound.
10:28 of 2nd period - Jonas Brodin is hit by John Marino and loses puck.
10:37 of 2nd period - Snap shot by Jonathan Drouin.
10:37 of 2nd period - Stopped by Scott Wedgewood without a rebound.
10:38 of 2nd period - Jordan Staal wins face-off versus Elias Pettersson in St.Louis Blues zone.
10:39 of 2nd period - Wrist shot by Artemi Panarin.
10:39 of 2nd period - Shot Misses the Net.
10:47 of 2nd period - Snap shot by Elias Pettersson.
10:47 of 2nd period - Stopped by Philipp Grubauer with a rebound.
10:49 of 2nd period - Slapshot by Elias Pettersson.
10:49 of 2nd period - Shot Blocked by P.K. Subban.
10:53 of 2nd period - Snap shot by Elias Pettersson.
10:53 of 2nd period - Deflect By Tom Wilson.
10:53 of 2nd period - Shot Misses the Net.
10:53 of 2nd period - Puck is out of play.
10:54 of 2nd period - Anthony Cirelli wins face-off versus Robert Thomas in Vegas Golden Knights zone.
11:01 of 2nd period - Alex DeBrincat is hit by Rickard Rakell and loses puck.
11:45 of 2nd period - Jonas Brodin is hit by Vladislav Namestnikov and loses puck.
12:56 of 2nd period - Zach Parise is hit by Niko Mikkola.
13:57 of 2nd period - Wrist shot by Jake Guentzel.
13:57 of 2nd period - Shot Blocked by Andrew Peeke.
14:01 of 2nd period - Wrist shot by Jake Guentzel.
14:01 of 2nd period - Shot Misses the Net.
14:03 of 2nd period - Snap shot by Jake Guentzel.
14:03 of 2nd period - Stopped by Philipp Grubauer with a rebound.
14:47 of 2nd period - Snap shot by Jack Eichel.
14:47 of 2nd period - Stopped by Philipp Grubauer with a rebound.
14:59 of 2nd period - Rickard Rakell is hit by Danny DeKeyser and loses puck.
15:06 of 2nd period - Snap shot by Jaden Schwartz.
15:06 of 2nd period - Shot Misses the Net.
15:08 of 2nd period - Wrist shot by Anthony Cirelli.
15:08 of 2nd period - Stopped by Scott Wedgewood with a rebound.
15:10 of 2nd period - Snap shot by P.K. Subban.
15:10 of 2nd period - Stopped by Scott Wedgewood without a rebound.
15:11 of 2nd period - Jordan Staal wins face-off versus Robert Thomas in St.Louis Blues zone.
15:30 of 2nd period - Jordan Staal is hit by Tage Thompson and loses puck.
16:25 of 2nd period - Joe Pavelski is hit by Colin White and loses puck.
16:56 of 2nd period - Wrist shot by Artemi Panarin.
16:56 of 2nd period - Deflect By Tom Wilson.
16:56 of 2nd period - Stopped by Scott Wedgewood with a rebound.
17:02 of 2nd period - Minor Penalty to Danny DeKeyser for Charging.
17:03 of 2nd period - Colin White wins face-off versus Jimmy Vesey in St.Louis Blues zone.
17:25 of 2nd period - Icing by Artemi Panarin.
17:26 of 2nd period - Frederick Gaudreau wins face-off versus Colin White in Vegas Golden Knights zone.
17:49 of 2nd period - Slapshot by Artemi Panarin.
17:49 of 2nd period - Stopped by Scott Wedgewood without a rebound.
17:50 of 2nd period - Jimmy Vesey wins face-off versus Vladislav Namestnikov in St.Louis Blues zone.
17:50 of 2nd period - Jimmy Vesey is hit by Vladislav Namestnikov.
19:02 of 2nd period - Penalty to Danny DeKeyser is over, Danny DeKeyser is back on ice.
19:03 of 2nd period - Alex Pietrangelo is hit by Victor Olofsson and loses puck.
19:40 of 2nd period - Evander Kane is hit by Marc Staal and loses puck.
Goals for this period are 0 for St.Louis Blues vs 0 for Vegas Golden Knights.
Shots for this period are 16 for St.Louis Blues vs 7 for Vegas Golden Knights.
3rd period
0:01 of 3rd period - Alex Tuch wins face-off versus Jordan Staal in neutral zone.
0:52 of 3rd period - Slapshot by Elias Pettersson.
0:52 of 3rd period - Shot Misses the Net.
0:54 of 3rd period - Snap shot by Colton Parayko.
0:54 of 3rd period - Stopped by Philipp Grubauer without a rebound.
0:55 of 3rd period - Rickard Rakell wins face-off versus Robert Thomas in Vegas Golden Knights zone.
0:55 of 3rd period - Rickard Rakell is hit by Tage Thompson.
0:58 of 3rd period - Icing by Jaden Schwartz.
0:59 of 3rd period - Robert Thomas wins face-off versus Anthony Cirelli in Vegas Golden Knights zone.
1:33 of 3rd period - Snap shot by Artemi Panarin.
1:33 of 3rd period - Shot Misses the Net.
2:45 of 3rd period - Snap shot by Tom Wilson.
2:45 of 3rd period - Shot Blocked by Colton Parayko.
2:58 of 3rd period - Off-side.
2:59 of 3rd period - Robert Thomas wins face-off versus Anthony Cirelli in neutral zone.
3:24 of 3rd period - Tage Thompson is hit by Rickard Rakell and loses puck.
3:33 of 3rd period - Snap shot by Anthony Cirelli.
3:33 of 3rd period - Deflect By Alex DeBrincat.
3:33 of 3rd period - Shot Blocked by Danny DeKeyser.
3:33 of 3rd period - Puck is out of play.
3:34 of 3rd period - Jordan Staal wins face-off versus Elias Pettersson in St.Louis Blues zone.
3:35 of 3rd period - Snap shot by Artemi Panarin.
3:35 of 3rd period - Shot Misses the Net.
3:37 of 3rd period - Wrist shot by Tom Wilson.
3:37 of 3rd period - Shot Blocked by Alex Pietrangelo.
3:39 of 3rd period - Snap shot by Tom Wilson.
3:39 of 3rd period - Stopped by Scott Wedgewood without a rebound.
3:40 of 3rd period - Elias Pettersson wins face-off versus Jordan Staal in St.Louis Blues zone.
3:47 of 3rd period - Jordan Staal is hit by Colton Parayko.
4:09 of 3rd period - Wrist shot by Jake Guentzel.
4:09 of 3rd period - Shot Misses the Net.
4:13 of 3rd period - Slapshot by Robert Thomas.
4:13 of 3rd period - Shot Misses the Net.
4:59 of 3rd period - Wrist shot by Tom Wilson.
4:59 of 3rd period - Shot Misses the Net.
5:01 of 3rd period - Slapshot by Brian Dumoulin.
5:01 of 3rd period - Shot Blocked by Jonas Brodin.
5:17 of 3rd period - Snap shot by Victor Olofsson.
5:17 of 3rd period - Stopped by Scott Wedgewood with a rebound.
5:19 of 3rd period - Wrist shot by Andrew Peeke.
5:19 of 3rd period - Shot Misses the Net.
5:21 of 3rd period - Slapshot by Colin White.
5:21 of 3rd period - Shot Misses the Net.
5:31 of 3rd period - Tage Thompson is hit by Jaden Schwartz.
5:47 of 3rd period - Wrist shot by Joe Pavelski.
5:47 of 3rd period - Stopped by Philipp Grubauer without a rebound.
5:48 of 3rd period - Jack Eichel wins face-off versus Vladislav Namestnikov in Vegas Golden Knights zone.
6:15 of 3rd period - Artemi Panarin is hit by Alex Tuch and loses puck.
6:20 of 3rd period - Snap shot by Alex Tuch.
6:20 of 3rd period - Stopped by Philipp Grubauer with a rebound.
6:22 of 3rd period - Slapshot by Danny DeKeyser.
6:22 of 3rd period - Deflect By Alex Tuch.
6:22 of 3rd period - Stopped by Philipp Grubauer with a rebound.
6:46 of 3rd period - Snap shot by Alex DeBrincat.
6:46 of 3rd period - Stopped by Philipp Grubauer with a rebound.
7:07 of 3rd period - Jack Eichel is hit by P.K. Subban and loses puck.
7:28 of 3rd period - Jaden Schwartz is hit by Elias Pettersson and loses puck.
8:03 of 3rd period - Slapshot by Alex Pietrangelo.
8:03 of 3rd period - Stopped by Philipp Grubauer with a rebound.
8:38 of 3rd period - Minor Penalty to John Marino for Slashing.
8:39 of 3rd period - Jordan Staal wins face-off versus Joe Pavelski in Vegas Golden Knights zone.
8:39 of 3rd period - Jordan Staal is hit by Jake Guentzel.
8:47 of 3rd period - Wrist shot by Alex Tuch.
8:47 of 3rd period - Stopped by Philipp Grubauer with a rebound.
10:38 of 3rd period - Penalty to John Marino is over, John Marino is back on ice.
10:46 of 3rd period - Snap shot by Andreas Johnsson.
10:46 of 3rd period - Stopped by Scott Wedgewood with a rebound.
10:48 of 3rd period - Slapshot by Marc Staal.
10:48 of 3rd period - Stopped by Scott Wedgewood without a rebound.
10:49 of 3rd period - Colin White wins face-off versus Frederick Gaudreau in St.Louis Blues zone.
10:54 of 3rd period - Wrist shot by Colin White.
10:54 of 3rd period - Stopped by Scott Wedgewood without a rebound.
10:55 of 3rd period - Colin White wins face-off versus Elias Pettersson in St.Louis Blues zone.
13:24 of 3rd period - Snap shot by Elias Pettersson.
13:24 of 3rd period - Goal by Elias Pettersson - St.Louis Blues : 2 - Vegas Golden Knights : 2.
13:25 of 3rd period - Jordan Staal wins face-off versus Elias Pettersson in neutral zone.
13:51 of 3rd period - Morgan Rielly is hit by Anthony Cirelli and loses puck.
14:38 of 3rd period - Snap shot by Colin White.
14:38 of 3rd period - Stopped by Scott Wedgewood without a rebound.
14:39 of 3rd period - Jordan Staal wins face-off versus Elias Pettersson in St.Louis Blues zone.
14:48 of 3rd period - Wrist shot by Jake Guentzel.
14:48 of 3rd period - Stopped by Philipp Grubauer with a rebound.
14:50 of 3rd period - Slapshot by Alex Tuch.
14:50 of 3rd period - Stopped by Philipp Grubauer without a rebound.
14:51 of 3rd period - Elias Pettersson wins face-off versus Jordan Staal in Vegas Golden Knights zone.
15:11 of 3rd period - Minor Penalty to Tom Wilson for Diving.
15:12 of 3rd period - Jordan Staal wins face-off versus Joe Pavelski in Vegas Golden Knights zone.
17:11 of 3rd period - Penalty to Tom Wilson is over, Tom Wilson is back on ice.
17:18 of 3rd period - Snap shot by Colin White.
17:18 of 3rd period - Stopped by Scott Wedgewood with a rebound.
17:20 of 3rd period - Snap shot by John Marino.
17:20 of 3rd period - Shot Blocked by Alex Pietrangelo.
17:22 of 3rd period - Slapshot by Marc-Edouard Vlasic.
17:22 of 3rd period - Stopped by Scott Wedgewood without a rebound.
17:23 of 3rd period - Rickard Rakell wins face-off versus Frederick Gaudreau in St.Louis Blues zone.
17:30 of 3rd period - Snap shot by Jaden Schwartz.
17:30 of 3rd period - Stopped by Scott Wedgewood with a rebound.
17:32 of 3rd period - Minor Penalty to Niko Mikkola for Tripping.
17:33 of 3rd period - Frederick Gaudreau wins face-off versus Colin White in St.Louis Blues zone.
17:42 of 3rd period - Wrist shot by Artemi Panarin.
17:42 of 3rd period - Stopped by Scott Wedgewood with a rebound.
19:03 of 3rd period - Icing by Rickard Rakell.
19:04 of 3rd period - Vladislav Namestnikov wins face-off versus Alex Tuch in Vegas Golden Knights zone.
19:32 of 3rd period - Penalty to Niko Mikkola is over, Niko Mikkola is back on ice.
19:33 of 3rd period - Artemi Panarin is hit by Niko Mikkola and loses puck.
19:56 of 3rd period - Snap shot by Tage Thompson.
19:56 of 3rd period - Stopped by Philipp Grubauer with a rebound.
19:58 of 3rd period - Snap shot by Tage Thompson.
19:58 of 3rd period - Stopped by Philipp Grubauer without a rebound.
19:59 of 3rd period - Jordan Staal wins face-off versus Jack Eichel in Vegas Golden Knights zone.
Goals for this period are 1 for St.Louis Blues vs 0 for Vegas Golden Knights.
Shots for this period are 12 for St.Louis Blues vs 10 for Vegas Golden Knights.
Overtime #1
0:01 of 1st overtime period - Elias Pettersson wins face-off versus Artemi Panarin in neutral zone.
1:18 of 1st overtime period - Wrist shot by Alex Tuch.
1:18 of 1st overtime period - Stopped by Philipp Grubauer with a rebound.
1:53 of 1st overtime period - Alex Pietrangelo is hit by Anthony Cirelli and loses puck.
2:37 of 1st overtime period - John Marino is hit by Frederick Gaudreau and loses puck.
2:56 of 1st overtime period - Morgan Rielly is hit by Victor Olofsson and loses puck.
3:47 of 1st overtime period - Snap shot by Robert Thomas.
3:47 of 1st overtime period - Stopped by Philipp Grubauer with a rebound.
Goals for this period are 0 for St.Louis Blues vs 0 for Vegas Golden Knights.
Shots for this period are 2 for St.Louis Blues vs 0 for Vegas Golden Knights.
ShootOut
5:00 of 1st overtime period - Round #1.
5:00 of 1st overtime period - St.Louis Blues, Alex DeBrincat.
5:00 of 1st overtime period - Deke by Alex DeBrincat.
5:00 of 1st overtime period - Shot Misses the Net.
5:00 of 1st overtime period - Vegas Golden Knights, Artemi Panarin.
5:00 of 1st overtime period - Deke by Artemi Panarin.
5:00 of 1st overtime period - Goal by Artemi Panarin.
5:00 of 1st overtime period - Round #2.
5:00 of 1st overtime period - St.Louis Blues, Joe Pavelski.
5:00 of 1st overtime period - Backhand shot by Joe Pavelski.
5:00 of 1st overtime period - Stopped by Philipp Grubauer.
5:00 of 1st overtime period - Vegas Golden Knights, Rickard Rakell.
5:00 of 1st overtime period - Deke by Rickard Rakell.
5:00 of 1st overtime period - Stopped by Scott Wedgewood.
5:00 of 1st overtime period - Round #3.
5:00 of 1st overtime period - St.Louis Blues, Alex Tuch.
5:00 of 1st overtime period - Deke by Alex Tuch.
5:00 of 1st overtime period - Stopped by Philipp Grubauer.
Back to the Top